 Dungeon Crawl Stone Soup version 0.23.2 (webtiles) character file.

Game seed: 5800928252898142975

151 Revguard the Grave Robber (level 5, 0/35 HPs)
             Began as a Mummy Necromancer on Apr 12, 2019.
             Slain by a worker ant (2 damage)
             ... on level 2 of the Dungeon.
             The game lasted 00:10:46 (2099 turns).

Revguard the Grave Robber (Mummy Necromancer)       Turns: 2099, Time: 00:10:46

Health: 0/35       AC:  4    Str: 11    XL:     5   Next: 11%
Magic:  7/11       EV: 12    Int: 15    God:
Gold:   74         SH:  0    Dex: 13    Spells: 4/13 levels left

rFire    x . .     SeeInvis .   k - +0 quarterstaff
rCold    + . .     Gourm    .   (shield currently unavailable)
rNeg     + + +     Faith    .   e - +0 leather armour
rPois    ∞         Spirit   .   (no helmet)
rElec    .         Reflect  .   b - +0 cloak
rCorr    +         Harm     .   (no gloves)
MR       .....                  (no boots)
Stlth    ++........             a - amulet of rage (curse)
HPRegen  0.11/turn              j - ring of resist corrosion
MPRegen  0.12/turn              (no ring)

@: very slightly contaminated
A: no food or potions, fire vulnerability, cold resistance 1, negative energy
resistance 3, torment resistance, unbreathing
a: no special abilities


You were on level 2 of the Dungeon.
You were not hungry.

You visited 1 branch of the dungeon, and saw 3 of its levels.

You collected 74 gold pieces.

Inventory:

Hand Weapons
 k - a +0 quarterstaff (weapon)
Armour
 b - a +0 cloak (worn)
 e - a +0 leather armour (worn)
Jewellery
 a - a cursed amulet of rage (around neck)
 c - an uncursed amulet of the gourmand
 j - a ring of resist corrosion (left hand)
Scrolls
 d - 2 scrolls of fear
 g - a scroll of identify
 h - 5 scrolls of teleportation


   Skills:
 - Level 0.6 Armour
 + Level 1.8 Dodging
 + Level 1.6 Stealth
 + Level 4.5 Spellcasting
 + Level 5.3 Necromancy


You had 4 spell levels left.
You knew the following spells:

 Your Spells              Type           Power        Failure   Level  Hunger
a - Pain                  Necr           ###.         2%          1    N/A
b - Animate Skeleton      Necr           N/A          2%          1    N/A
c - Vampiric Draining     Necr           ###.......   8%          3    N/A
d - Animate Dead          Necr           N/A          26%         4    N/A

Your spell library contained the following spells:

 Spells                   Type           Power        Failure   Level  Hunger
 Regeneration             Chrm/Necr      Unusable     N/A         3    N/A

Dungeon Overview and Level Annotations

Branches:
Dungeon (3/15)

Altars:


Innate Abilities, Weirdness & Mutations

You do not eat or drink.
Your flesh is vulnerable to fire.
You are immune to poison.
Your flesh is cold resistant. (rC+)
You are immune to negative energy. (rN+++)
You are immune to unholy pain and torment.
You can survive without breathing.


Message History

Aim: a worker ant (heavily wounded, fleeing, chance to defeat MR: 84%)
Your attack snaps the worker ant out of its fear.
The worker ant barely resists.
Casting: Pain (safe; 2% risk of failure)
Confirm with . or Enter, or press ? or * to list all spells.
Aiming: Pain (safe; 2% risk of failure)
Press: ? - help, Shift-Dir - straight line, f/p - worker ant
Aim: a worker ant (heavily wounded, chance to defeat MR: 84%)
The worker ant writhes in agony.
The worker ant bites you.
* * * LOW HITPOINT WARNING * * *
The worker ant closely misses you.
Casting: Pain (safe; 2% risk of failure)
Confirm with . or Enter, or press ? or * to list all spells.
Aiming: Pain (safe; 2% risk of failure)
Press: ? - help, Shift-Dir - straight line, f/p - worker ant
Aim: a worker ant (heavily wounded, chance to defeat MR: 84%)
The worker ant barely resists.
The worker ant waves its antennae.
The worker ant bites you.
You die...

....#.#.#### ######
......#.######....#
.##...............#
......#..#####....##########
.#........# #.###.........#
..........# #.# #.........#
##.##...#.# #.# #......!..#
........#.# #.###.........#
##.#..###.####..@a.)g.)....#
#.#............##....)....#
#.#....##......##.........#
##.#%...##......##.........#
........)...............>###
##......#)......########.#
#####...#.......# #.#
#.#######)......# ###
...#.####)#######


You could see a worker ant and a gnoll (fleeing).

Vanquished Creatures
  An ogre (D:2)
  An adder (D:2)
  A dart slug (D:1)
  A leopard gecko (D:1)
  3 giant cockroaches (D:1)
  6 goblins
  6 hobgoblins
  9 jackals
  7 kobolds
  2 quokkas (D:2)
  2 bats
  2 frilled lizards (D:2)
  4 rats
45 creatures vanquished.

Vanquished Creatures (collateral kills)
  An adder (D:2)
  2 dart slugs
  3 hobgoblins (D:2)
  A jackal (D:2)
  3 kobolds (D:2)
  2 frilled lizards (D:2)
  A rat (D:2)
13 creatures vanquished.

Grand Total: 58 creatures vanquished

Notes
Turn   | Place    | Note
-------+----------+-------------------------------------------
     0 | D:1      | Revguard the Mummy Necromancer began the quest for the Orb.
     0 | D:1      | Reached XP level 1. HP: 13/13 MP: 4/4
    36 | D:1      | Learned a level 1 spell: Animate Skeleton
   199 | D:1      | Reached XP level 2. HP: 10/19 MP: 2/5
   748 | D:1      | Reached XP level 3. HP: 12/24 MP: 0/7
   757 | D:1      | Learned a level 3 spell: Vampiric Draining
  1106 | D:2      | Noticed an ogre
  1115 | D:2      | Killed an ogre
  1115 | D:2      | Reached skill level 5 in Necromancy
  1115 | D:2      | Reached XP level 4. HP: 30/30 MP: 1/10
  1133 | D:2      | Learned a level 4 spell: Animate Dead
  1657 | D:2      | Reached XP level 5. HP: 25/35 MP: 8/11
  2099 | D:2      | Slain by a worker ant

Skill      XL: |  1  2  3 |
---------------+----------+-----
Spellcasting   | 3 4 |  4.5
Necromancy     | 5 |  5.3
Armour         | |  0.6
Dodging        | |  1.8
Stealth        | |  1.6

Action                   |  1- 3 |  4- 6 || total
-------------------------+-------+-------++-------
Melee: Unarmed           |    19 |       ||    19
       Club              |     8 |    45 ||    53
       Quarterstaff      |       |    26 ||    26
 Cast: Pain              |    43 |    16 ||    59
       Animate Skeleton  |     6 |     2 ||     8
       Animate Dead      |       |    11 ||    11
  Use: Scroll            |       |     4 ||     4
 Stab: Sleeping          |       |     1 ||     1
Armor: Robe              |     6 |       ||     6
       Leather armour    |     8 |    43 ||    51
Dodge: Dodged            |    33 |    77 ||   110
